 Dungeon Crawl Stone Soup version 0.32-a0-571-gec57dfcd37 (webtiles) character file.

Game seed: 13001721340234896189

30 cforsyth the Grave Robber (level 3, 0/29 HPs)
             Began as a Mountain Dwarf Necromancer on Feb 29, 2024.
             Slain by a ribbon worm (6 damage)
             ... on level 2 of the Dungeon.
             The game lasted 00:02:40 (1620 turns).

cforsyth the Grave Robber (MDNe)                    Turns: 1620, Time: 00:02:40

Health: 0/29       AC:  5    Str: 12    XL:     3   Next: 3%
Magic:  5/5        EV: 10    Int: 15    God:
Gold:   92         SH:  0    Dex: 10    Spells: 4/5 levels left

rFire   . . .        i - +0 spear
rCold   . . .        (no shield)
rNeg    . . .        h - +0 ring mail
rPois   .            (no helmet)
rElec   .            (no cloak)
rCorr   .            (no gloves)
SInv    .            (no boots)
Will    .....        (no amulet)
Stlth   +            (no ring)
HPRegen 0.24/turn    (no ring)
MPRegen 0.09/turn

%: no passive effects
@: no status effects
A: runic magic, artefact enchanting
a: no special abilities


You were on level 2 of the Dungeon.
You visited 1 branch of the dungeon, and saw 2 of its levels.

You collected 92 gold pieces.


Innate Abilities, Weirdness & Mutations

Your spellcasting is much less encumbered by armour.
You can use scrolls of enchantment on lesser artefacts.


   Skills:
 + Level 2.0 Fighting
 - Level 1.3 Dodging
 - Level 1.4 Stealth
 - Level 1.7 Spellcasting
 + Level 5.0 Necromancy


You had 4 spell levels left.
You knew the following spells:

 Your Spells              Type           Power      Damage    Failure   Level
X - Necrotise             Necr           64%        1d7       3%          1

Your spell library contained the following spells:

 Spells                   Type           Power      Damage    Failure   Level
 Vampiric Draining        Necr           16%        2d7       11%         3
 Animate Dead             Necr           16%        N/A       34%         4
 Curse of Agony           Necr           16%        N/A       69%         5

Inventory:

Hand Weapons
 i - a +0 spear (weapon)
Armour
 a - a +0 robe
 h - a +0 ring mail (worn)
Scrolls
 c - a scroll of poison {unknown}
 e - a scroll of silence {unknown}
 f - a scroll of fear {unknown}
 g - 3 scrolls of identify {unknown}
Potions
 b - a potion of magic
 d - 2 potions of lignification {unknown}

Dungeon Overview and Level Annotations

Branches:
Dungeon (2/15)

Altars:
Gozag

#.)....###########.#
#.............#
#.#.#########.####
#..#....# #......#
#.#.###.# #.##.#.#
#.### #.##.#.# #.#
#.##.#.# # #.#
#.##.#.# ##. #.#
#@##.#.## #####.# #.#
#w##....####...... #.#
#.##.............. #.#
#.....###...#####..⚑..
######.## #######
#..## #..... ...w..<.#
#.## #..... ######.##
#.# #####. ########
#.# #. .......# #.# #.


You could see a ribbon worm (catching breath).


Message History

You are caught in a web!
The web tears apart.
The ribbon worm closely misses you.
You hit the ribbon worm.
The ribbon worm is severely wounded.
The ribbon worm closely misses you.
You hit the ribbon worm but do no damage.
The ribbon worm is heavily wounded.
The ribbon worm barely misses you.
You hit the ribbon worm but do no damage.
The ribbon worm is heavily wounded.
You hit the ribbon worm.
The ribbon worm is heavily wounded.
The ribbon worm expels a string of sticky webbing.
The stream of webbing hits you but does no damage.
You are caught in a web!
You struggle to detach yourself from the web.
The ribbon worm bites you.
* * * LOW HITPOINT WARNING * * *
You are too injured to fight recklessly!
You are too injured to fight recklessly!
You are too injured to fight recklessly!
You are too injured to fight recklessly!
You are too injured to fight recklessly!
You are too injured to fight recklessly!
You are too injured to fight recklessly!
The web tears apart.
The ribbon worm bites you.
* * * LOW HITPOINT WARNING * * *
The ribbon worm attacks as it pursues you!
The ribbon worm bites you.
You die...

Skill      XL: |  1  2 |
---------------+-------+-----
Fighting       | 1 2 |  2.0
Necromancy     | 5 |  5.0
Dodging        | |  1.3
Stealth        | |  1.4
Spellcasting   | |  1.7

Action                     || total
---------------------------++-------
  Melee: Unarmed           ||    18
         Spear             ||    17
   Cast: Necrotise         ||    50
 Armour: Robe              ||    10
         Ring mail         ||    11
  Dodge: Dodged            ||    24

Levels and vault maps discovered:
D:1:      amcnicky_arrival_feature_with_door, layout_basic
D:2:      layout_loops_ring, basic_altar, nicolae_the_louvre

Notes
Turn   | Place    | Note
-------+----------+-------------------------------------------
     0 | D:1      | cforsyth the Mountain Dwarf Necromancer began the quest for
                  | the Orb.
     0 | D:1      | Reached XP level 1. HP: 14/14 MP: 3/3
    87 | D:1      | Reached skill level 1 in Fighting
   221 | D:1      | Reached XP level 2. HP: 23/23 MP: 0/4
  1146 | D:2      | Found an opulent altar of Gozag.
  1370 | D:2      | Reached skill level 2 in Fighting
  1530 | D:2      | Reached skill level 5 in Necromancy
  1530 | D:2      | Reached XP level 3. HP: 29/29 MP: 0/5
  1620 | D:2      | Slain by a ribbon worm

Vanquished Creatures
  A dart slug (D:1)
  A ribbon worm (D:2)
  A bat (D:2)
  3 endoplasms
  2 giant cockroaches
  2 goblins
  3 hobgoblins
  A jackal (D:1)
  A quokka (D:1)
  2 frilled lizards (D:1)
  A kobold (D:2)
  5 rats
23 creatures vanquished.

Vanquished Creatures (collateral kills)
  A jackal (D:1)
1 creature vanquished.

Grand Total: 24 creatures vanquished

Table legend: (Time is in decaauts)
 A = Elapsed time spent in this place.
 B = Non-inter-level travel time spent in this place.
 C = Inter-level travel time spent in this place.
 D = Time resting spent in this place.
 E = Time spent auto-exploring this place.
 F = Levels seen in this place.
 G = Mean time per level.
                   A        B        C        D        E       F      G
               +--------+--------+--------+--------+--------+-----+--------+
         Total |   1622 |   1566 |     56 |     19 |   1289 |   2 |  811.0 |
       Dungeon |   1622 |   1566 |     56 |     19 |   1289 |   2 |  811.0 |
               +--------+--------+--------+--------+--------+-----+--------+

Top non-repeatable levels by time:
     D:1: 1153 daAuts
     D:2: 468 daAuts

Table legend:
 A = Non-vault XP
 B = Vault XP
 C = Vault XP percentage of total XP
 D = Non-vault monster count
 E = Vault monster count
 F = Vault count percentage of total count
                 A         B        C        D         E       F
            +---------+---------+-------+---------+---------+-------
      Total |      43 |       0 |   0.0 |      24 |       0 |   0.0
            +---------+---------+-------+---------+---------+-------
        D:1 |      25 |       0 |   0.0 |      14 |       0 |   0.0
        D:2 |      18 |       0 |   0.0 |      10 |       0 |   0.0
            +---------+---------+-------+---------+---------+-------
